Map: [ESL] Blackburn

Players

Trap - Winner!

  • Race: Protoss Protoss

Lambo

  • Race: Zerg Zerg

Event: IEM Katowice 2022

VOD

Have the link to the VOD?

Description

Time

  • Played on: Feb. 25, 2022, 8:48 a.m.
  • Length: 9:25

All games in this series

Show
View Real Time Build Order
Export as new Build Order

Trap Protoss - Winner!

Build Orders: Proxy Void Ray 

Get SALT Encoding   

  12  0:00  Probe  
  13  0:14  Pylon  
  13  0:17  Probe (Chrono Boost)  
  14  0:26  Probe (Chrono Boost)  
  15  0:31  Probe (Chrono Boost)  
  16  0:40  Gateway  
  16  0:43  Probe  
  16  0:49  Assimilator  
  17  0:55  Probe  
  18  1:07  Probe  
  19  1:15  Forge  
  19  1:19  Probe  
  20  1:28  Cybernetics Core  
  20  1:36  Pylon  
  20  1:42  Probe  
  21  1:52  Pylon  
  21  1:54  Photon Cannon  
  21  1:56  Pylon  
  21  2:02  Assimilator  
  21  2:13  Photon Cannon  
  21  2:14  Probe  
  22  2:22  Stargate  
  22  2:25  Shield Battery  
  22  2:27  Probe  
  23  2:35  Shield Battery  
  23  2:40  Probe  
  23  2:42  Pylon  
  24  2:53  Photon Cannon  
  24  2:56  Void Ray (Chrono Boost)  
  28  3:14  Photon Cannon  
  28  3:20  Shield Battery  
  28  3:33  Pylon  
  28  3:42  Pylon, Void Ray (Chrono Boost)  
  32  4:01  Pylon  
  32  4:06  Shield Battery  
  32  4:07  Shield Battery  
  32  4:15  Shield Battery  
  32  4:19  Void Ray (Chrono Boost)  
  36  4:33  Shield Battery  
  36  4:41  Shield Battery  
  36  4:47  Void Ray (Chrono Boost)  
  40  5:04  Shield Battery  
  40  5:11  Shield Battery  
  40  5:14  Void Ray (Chrono Boost)  
  44  5:32  Shield Battery  
  44  5:40  Shield Battery  
  44  5:53  Pylon  
  44  6:05  Void Ray (Chrono Boost)  
  48  6:17  Shield Battery  
  48  6:20  Pylon  
  48  6:34  Photon Cannon  
  48  6:39  Void Ray (Chrono Boost)  
  52  6:58  Nexus  
  48  7:09  Void Ray (Chrono Boost)  
  48  7:14  Shield Battery  
  52  7:22  Probe  
  53  7:25  Shield Battery  
  53  7:28  Shield Battery  
  53  7:43  Void Ray (Chrono Boost)  
  49  7:46  Probe  
  54  8:00  Shield Battery  
  54  8:02  Shield Battery  
  54  8:15  Probe  
  58  8:28  Probe  
  59  8:38  Stargate  
  55  9:19  Pylon  
Show
View Real Time Build Order
Export as new Build Order

Lambo Zerg 

Build Orders: Hatch First, Ravager All-In 

Get SALT Encoding   

  12  0:00  Drone  
  13  0:12  Overlord  
  13  0:17  Drone  
  14  0:30  Drone x2  
  14  0:34  Drone  
  17  0:51  Hatchery  
  17  0:55  Drone  
  17  0:58  Drone  
  18  1:08  Extractor  
  17  1:13  Spawning Pool  
  17  1:16  Drone  
  17  1:20  Drone  
  18  1:28  Drone  
  19  1:38  Drone  
  20  1:49  Overlord  
  20  1:59  Queen  
  20  2:01  Roach Warren  
  21  2:02  Extractor  
  21  2:04  Spine Crawler  
  21  2:07  Drone  
  20  2:14  Drone  
  21  2:17  Drone  
  22  2:34  Overlord  
  22  2:39  Queen  
  22  2:41  Roach x2  
  28  2:46  Roach  
  30  2:52  Drone  
  30  2:56  Roach  
  33  3:02  Ravager x2  
  33  3:04  Drone  
  36  3:07  Ravager  
  37  3:19  Ravager  
  38  3:23  Queen  
  40  3:31  Roach  
  40  3:32  Roach  
  42  3:43  Spore Crawler  
  41  3:51  Roach  
  41  3:59  Queen  
  41  4:01  Ravager  
  41  4:04  Spore Crawler  
  41  4:05  Drone x2  
  41  4:08  Ravager  
  43  4:17  Overlord  
  43  4:22  Spore Crawler  
  42  4:25  Spore Crawler  
  41  4:34  Overlord  
  41  4:37  Ravager  
  42  4:42  Queen  
  44  4:58  Drone x3  
  47  5:01  Roach x2  
  51  5:12  Overlord  
  52  5:28  Ravager  
  52  5:34  Ravager  
  52  5:35  Queen  
  55  5:36  Queen  
  55  5:37  Spore Crawler  
  55  5:50  Roach x2  
  55  5:52  Drone x3  
  60  6:04  Spore Crawler  
  59  6:22  Ravager  
  60  6:33  Overlord x2  
  60  6:42  Overlord  
  60  6:50  Queen x2  
  60  6:53  Spore Crawler  
  55  7:08  Ravager  
  50  7:17  Drone x7  
  54  7:26  Queen  
  54  7:27  Queen  
  56  7:44  Roach x3  
  56  7:48  Roach x3  
  68  7:52  Spore Crawler  
  64  8:02  Queen  
  64  8:03  Drone x4  
  67  8:05  Queen, Ravager x2  
  59  8:36  Drone x3  
  59  8:37  Drone x4, Queen  
  59  8:40  Spore Crawler  
  64  8:41  Queen  
  66  8:51  Drone x2  
  66  9:07  Ravager x2  

Tags
 
Add a new tag
Caveats
  • Supply blocks, unpowered buildings, or Contaminate may cause inaccurate times.
  • Supply counts are checked every 10 seconds.